 Dungeon Crawl Stone Soup version 0.28.0-53-g5a82cb258f (webtiles) character file.

Game seed: 9280943096649514581

290 tizbic2 the Chucker (level 6, -1/26 (28) HPs)
             Began as a Vine Stalker Hunter on July 19, 2022.
             Was a Believer of Hepliaklqana.
             Slain by a wight
             ... wielding a +4 halberd
              (14 damage)
             ... on level 4 of the Dungeon on July 20, 2022.
             The game lasted 00:12:09 (2742 turns).

tizbic2 the Chucker (Vine Stalker Hunter)           Turns: 2742, Time: 00:12:10

HP:   -1/26 (28)    AC:  4    Str: 14    XL:     6   Next: 32%
MP:   0/9           EV: 11    Int: 11    God:    Hepliaklqana [**....]
Gold: 117           SH:  0    Dex: 17    Spells: 8/8 levels left

rFire   . . .      SeeInvis .   w - +0 hunting sling (venom)
rCold   . . .      Faith    .   (no shield)
rNeg    . . .      Spirit   +   b - +0 leather armour
rPois   .          Reflect  .   v - +0 helmet
rElec   .          Harm     .   (no cloak)
rCorr   .          Rampage  .   (no gloves)
Will    .....                   (no boots)
Stlth   ++........              (no amulet)
HPRegen 0.88/turn               (no ring)
MPRegen 0.11/turn               (no ring)

@: drained
A: reduced essence, fangs 2, regeneration 1, magic shield, antimagic bite, no
potion heal 2
a: Renounce Religion, Recall Ancestor, Ancestor Identity


You were on level 4 of the Dungeon.
You worshipped Hepliaklqana.
Hepliaklqana was pleased with you.
You visited 1 branch of the dungeon, and saw 4 of its levels.

You collected 117 gold pieces.

Inventory:

Hand Weapons
 a - a +0 dagger
 m - a +0 short sword
 w - a +0 hunting sling of venom (weapon)
Missiles
 c - 6 javelins
 d - 2 throwing nets
 f - 35 stones (quivered ammo)
 l - 22 arrows
 r - 40 sling bullets
Armour
 b - a +0 leather armour (worn)
 v - a +0 helmet (worn)
Wands
 p - a wand of flame (13)
Scrolls
 h - 2 scrolls of teleportation
 i - a scroll of fear
 k - a scroll of summoning
 o - 2 scrolls of amnesia {unknown}
 s - a scroll of blinking
Potions
 e - a potion of mutation {unknown}
 g - a potion of might {unknown}
 j - 2 potions of curing {unknown}
 t - a potion of flight {unknown}
 u - 2 potions of haste {unknown}


   Skills:
 + Level 3.4 Fighting
 * Level 5.7 Throwing
 - Level 1.5 Dodging
 - Level 1.2 Stealth
 + Level 1.7 Spellcasting


You had 8 spell levels left.
You didn't know any spells.
Your spell library contained the following spells:

 Spells                   Type           Power      Damage    Failure   Level
 Apportation              Tloc           0%         N/A       36%         1
 Sandblast                Erth           0%         2d4       36%         1
 Slow                     Hex            0%         N/A       36%         1
 Sting                    Tmut/Pois      0%         1d3       36%         1
 Passwall                 Tmut/Erth      0%         N/A       50%         2
 Poisonous Vapours        Pois/Air       0%         N/A       50%         2
 Confusing Touch          Hex            0%         N/A       75%         3
 Gell's Gravitas          Tloc           0%         N/A       75%         3
 Stone Arrow              Conj/Erth      0%         3d7       75%         3
 Teleport Other           Tloc           0%         N/A       75%         3
 Vampiric Draining        Necr           0%         2d6       75%         3
 Olgreb's Toxic Radiance  Pois           0%         N/A       98%         4
 Alistair's Intoxication  Tmut/Pois      0%         N/A       100%        5
 Dispersal                Tloc           0%         N/A       100%        6


Dungeon Overview and Level Annotations

Branches:
Dungeon (4/15)
 Temple: D:4-7

Altars:
Hepliaklqana


Innate Abilities, Weirdness & Mutations

Your life essence is reduced to manifest your ancestor. (-10% HP)
You have extremely sharp teeth.
Your natural rate of healing is unusually fast.
When hurt, damage is shared between your health and your magic reserves.
Your bite disrupts and absorbs the magic of your enemies.
Potions cannot restore your health.


Message History

* * * LOW HITPOINT WARNING * * *
You feel drained.
* * * LOW HITPOINT WARNING * * *
The wight barely misses you.
You see here a +0 short sword.
Fire: 40 stones
Press: ? - help, Q - select action, (/) - cycle Shift-Dir - straight line, f/p - wight
Aim: a wight, wielding a +4 halberd and wearing a +0 robe (almost destroyed, 62% to hit)
You shoot a stone. The stone closely misses the wight.
You see here a stone.
You see here a stone.
You see here a scorpion corpse.
Fire: 39 stones
Press: ? - help, Q - select action, (/) - cycle Shift-Dir - straight line, f/p - wight
Aim: a wight, wielding a +4 halberd and wearing a +0 robe (almost destroyed, 62% to hit)
You shoot a stone.
The stone hits the wight but does no damage.
The wight is almost destroyed.
The wight completely misses you.
Fire: 38 stones
Press: ? - help, Q - select action, (/) - cycle Shift-Dir - straight line, f/p - wight
Aim: a wight, wielding a +4 halberd and wearing a +0 robe (almost destroyed, 62% to hit)
You shoot a stone. The stone barely misses the wight.
The wight barely misses you.
Fire: 37 stones
Press: ? - help, Q - select action, (/) - cycle Shift-Dir - straight line, f/p - wight
Aim: a wight, wielding a +4 halberd and wearing a +0 robe (almost destroyed, 62% to hit)
You shoot a stone.
The stone hits the wight but does no damage.
The wight is almost destroyed.
The wight completely misses you.
The wight hits you from afar with a +4 halberd!
Fire: 36 stones
Press: ? - help, Q - select action, (/) - cycle Shift-Dir - straight line, f/p - wight
Aim: a wight, wielding a +4 halberd and wearing a +0 robe (almost destroyed, 62% to hit)
You shoot a stone. The stone hits the wight.
The wight is almost destroyed.
The wight hits you from afar with a +4 halberd!
Ouch! That really hurt!
You die...

#.# #.. #.# #.. #.#
#.. #.# #..# #.#
#..# ##(#### #..#
#.()(.#
#>.###.###(###
#..(.@.#)#.(.#
#####...###.###(###
#.....z.#.....#...#
#.###(###.###.###.#
#.#...# #...#.#
#.###.###.###.#
#...#.....#...#
###.###.###.###
#.).#.#...#


You could see a wight.

Vanquished Creatures
  A scorpion (D:4)
  A wight (D:4)
  A hound skeleton (D:4)
  3 adders
  5 dart slugs
  An orc (D:3)
  5 bats
  3 endoplasms
  3 giant cockroaches
  5 goblins
  A hobgoblin (D:2)
  7 jackals
  3 ball pythons
  4 frilled lizards
  4 kobolds
  3 rats
50 creatures vanquished.

Vanquished Creatures (collateral kills)
  A wight (D:4)
  A centaur zombie (D:3)
  An adder skeleton (D:4)
  A dart slug (D:1)
  2 bats (D:3)
  2 endoplasms
  A hobgoblin (D:3)
  A jackal (D:4)
  A quokka (D:4)
  A rat (D:2)
12 creatures vanquished.

Vanquished Creatures (others)
  2 knights (D:4)
  An ancestor (D:1)
  5 toadstools (D:1)
  A withered plant (D:1)
9 creatures vanquished.

Grand Total: 71 creatures vanquished

Notes
Turn   | Place    | Note
-------+----------+-------------------------------------------
     0 | D:1      | tizbic2 the Vine Stalker Hunter began the quest for the
                  | Orb.
     0 | D:1      | Reached XP level 1. HP: 11/11 MP: 2/2
    43 | D:1      | Found a faded altar of an unknown god.
    59 | D:1      | Prayed at the altar of an unknown god.
    59 | D:1      | Became a worshipper of Hepliaklqana the Forgotten
    59 | D:1      | Reached * piety under Hepliaklqana
   114 | D:1      | Reached XP level 2. HP: 7/13 MP: 1/3
   127 | D:1      | Reached skill level 4 in Throwing
   688 | D:2      | Reached XP level 3. HP: 4/16 MP: 2/4
  1167 | D:2      | Reached ** piety under Hepliaklqana
  1169 | D:2      | Remembered your ancestor Tochtli as a knight
  1870 | D:3      | Gained mutation: Your natural rate of healing is unusually
                  | fast. [Vine Stalker growth]
  1870 | D:3      | Reached XP level 4. HP: 19/20 MP: 3/5
  2094 | D:3      | Reached skill level 5 in Throwing
  2511 | D:4      | Reached XP level 5. HP: 25/25 MP: 6/6
  2652 | D:4      | Reached skill level 1 in Spellcasting
  2682 | D:4      | Reached XP level 6. HP: 28/28 MP: 7/9
  2742 | D:4      | Slain by a wight

Illustrated notes

Levels and vault maps discovered:
D:1:      ldierk_walled_garden, layout_rooms,
          ebering_ecumenical_altar_petrified, chequers_serial_rivers_room_b,
          chequers_jeans, minmay_misc_feat_secret_circle
D:2:      layout_basic
D:3:      layout_basic
D:4:      layout_loops_ring, amcnicky_altar_gilded,
          nicolae_yredelemnul_corpse_copse, minmay_temple_entry_enclosed_plants,
          minmay_quantized

Skill      XL: |  1  2  3  4  5 |
---------------+----------------+-----
Fighting       | 2 3 |  3.4
Throwing       | 4 5 |  5.7
Spellcasting   | 1 |  1.7
Dodging        | |  1.5
Stealth        | |  1.2

Action                   |  1- 3 |  4- 6 || total
-------------------------+-------+-------++-------
Melee: Short sword       |    25 |       ||    25
       Bite              |    10 |       ||    10
       Dagger            |    14 |       ||    14
 Fire: Hunting sling     |    47 |    78 ||   125
Invok: Recall Ancestor   |     1 |       ||     1
       Ancestor Life: Kn |     1 |       ||     1
  Use: Scroll            |     2 |     3 ||     5
 Stab: Distracted        |     3 |       ||     3
Armor: Leather armour    |    21 |     3 ||    24
Dodge: Dodged            |    34 |     9 ||    43
